AoeStats
← ZAKOTA | BRO

Arena

510819127Analyzed
4v4 RM · 1d ago on Oct 2, 2026· 59m 8s· 8 players
Game mode
Random Map
Map size
Large (8 player)
Population
200
Speed
Normal
Resources
Standard
Victory
Conquest
Starting age
Dark Age
Ending age
Imperial Age
RankedLock teamsTeams togetherTeam positionsShared explorationLock speedFull tech treeHidden civsTurbo modeCheats
Victory
Defeat
🇺🇸 Celts · United States
1094
+7
🇹🇷 Turks · Türkiye
918
+12
🇺🇸 Persians · United States
838
+36
🇺🇸 Burmese · United States
789
+17
🇵🇰 Byzantines · Pakistan
875
-14
🇩🇰 Bohemians · Denmark
857
-14
🇩🇰 Franks · Denmark
822
-12
🇸🇦 Mongols · Saudi Arabia
804
-11
McLovin
10:32 Feudal Age
11:20 Double-Bit Axe
12:51 Horse Collar
18:53 Castle Age
21:36 Bow Saw
26:10 Wheelbarrow
28:49 Imperial Age
27:41 Ballistics
28:44 Murder Holes
30:32 Conscription
30:35 Pikeman
30:51 Elite Hussite Wagon
33:26 Chemistry
34:15 Hand Cart
42:23 Two-Man Saw
ZAKOTA | BRO
10:19 Feudal Age
19:02 Castle Age
17:02 Horse Collar
17:42 Scale Barding Armor
17:47 Forging
17:55 Forging
17:48 Double-Bit Axe
18:55 Loom
23:51 Chain Barding Armor
25:32 Iron Casting
24:46 Gambesons
25:01 Squires
24:50 Arson
25:44 Heavy Plow
25:59 Bow Saw
26:49 Gold Mining
33:13 Imperial Age
31:27 Wheelbarrow
30:56 Scale Mail Armor
35:01 Capped Ram
35:04 Elite Skirmisher
35:50 Thumb Ring
35:11 Heavy Camel Rider
35:51 Husbandry
36:25 Conscription
37:31 Chain Mail Armor
37:51 Plate Barding Armor
37:42 Caravan
37:32 Siege Ram
39:18 Hoardings
41:25 Fletching
41:35 Padded Archer Armor
42:56 Chemistry
41:37 Treadmill Crane
42:18 Ballistics
42:29 Logistica
42:18 Light Cavalry
43:12 Hussar
49:23 Coinage
52:27 Bombard Tower
fakedonk
12:02 Feudal Age
12:33 Gold Mining
12:30 Double-Bit Axe
19:35 Castle Age
18:43 Stone Mining
22:12 Bow Saw
24:03 Scale Mail Armor
31:11 Imperial Age
29:14 Scale Barding Armor
30:57 Wheelbarrow
31:02 Gold Shaft Mining
32:27 Chain Barding Armor
31:52 Cavalier
32:01 Cavalier
32:11 Pikeman
35:31 Chain Mail Armor
35:06 Halberdier
36:48 Conscription
40:07 Fletching
40:31 Forging
41:17 Paladin
45:15 Husbandry
xTc
10:37 Feudal Age
14:32 Castle Age
12:25 Horse Collar
12:32 Double-Bit Axe
16:45 Stone Mining
16:46 Gold Mining
18:03 Bow Saw
21:07 Heavy Plow
31:08 Gold Shaft Mining
33:49 Imperial Age
33:57 Imperial Age
34:37 Capped Ram
36:23 Padded Archer Armor
36:13 Fletching
38:46 Elite Mangudai
42:32 Caravan
43:03 Coinage
46:12 Banking
46:14 Ballistics
46:57 Chemistry
48:53 Leather Archer Armor
48:33 Bodkin Arrow
48:49 Forging
51:36 Siege Ram
vonheimler
0:41 Loom
12:28 Feudal Age
18:06 Castle Age
16:26 Horse Collar
18:18 Gold Mining
18:20 Stone Mining
18:55 Forging
19:27 Town Watch
22:14 Wheelbarrow
22:56 Coinage
26:13 Bloodlines
26:04 Husbandry
28:57 Masonry
29:33 Gold Shaft Mining
34:52 Imperial Age
35:11 Scale Mail Armor
35:16 Scale Barding Armor
36:04 Conscription
36:33 Howdah
38:14 Murder Holes
38:50 Architecture
38:36 Elite Arambai
41:08 Iron Casting
40:49 Chain Mail Armor
40:54 Chain Barding Armor
43:08 Elite Battle Elephant
50:26 Heavy Plow
52:00 Chain Barding Armor
Pugsy
11:02 Feudal Age
15:26 Castle Age
13:36 Double-Bit Axe
18:27 Wheelbarrow
20:20 Hand Cart
23:42 Pikeman
24:23 Squires
24:27 Horse Collar
24:56 Gold Mining
32:27 Imperial Age
31:03 Husbandry
32:04 Scale Barding Armor
32:09 Forging
32:17 Bloodlines
32:18 Bow Saw
32:16 Heavy Plow
33:00 Gold Shaft Mining
32:15 Stone Mining
32:39 Kamandaran
34:02 Two-Man Saw
33:34 Crop Rotation
33:31 Chain Barding Armor
33:03 Fletching
32:42 Halberdier
32:47 Cavalier
35:03 Chemistry
34:27 Ballistics
35:36 Conscription
35:21 Loom
35:26 Crossbowman
36:12 Thumb Ring
35:53 Heavy Camel Rider
37:51 Elite War Elephant
38:23 Heavy Scorpion
42:08 Iron Casting
41:28 Bodkin Arrow
41:44 Heated Shot
44:48 Caravan
45:21 Coinage
45:03 Guilds
46:54 Plate Barding Armor
47:20 Blast Furnace
46:21 Padded Archer Armor
46:59 Citadels
49:18 Scale Mail Armor
50:11 Leather Archer Armor
50:39 Hoardings
53:21 Chain Mail Armor
53:37 Ring Archer Armor
54:05 Stone Shaft Mining
56:21 Murder Holes
56:21 Guard Tower
ancientlasers
7:27 Loom
13:48 Feudal Age
17:32 Castle Age
14:59 Man-at-Arms
16:03 Double-Bit Axe
18:58 Wheelbarrow
18:52 Gambesons
32:51 Imperial Age
30:59 Forging
30:50 Scale Mail Armor
30:44 Long Swordsman
32:30 Ballistics
32:34 Bow Saw
36:23 Chemistry
36:08 Pikeman
38:13 Hand Cart
38:48 Two-Handed Swordsman
41:05 Heavy Scorpion
43:48 Capped Ram
44:21 Halberdier
46:17 Siege Ram
48:45 Masonry
49:02 Arson
50:51 Champion
56:01 Horse Collar
59:12 Conscription
yurigagarin
0:26 Loom
10:58 Feudal Age
20:24 Castle Age
19:00 Double-Bit Axe
18:56 Horse Collar
19:08 Gold Mining
19:46 Stone Mining
29:47 Heavy Plow
31:00 Wheelbarrow
30:41 Bow Saw
31:09 Gold Shaft Mining
34:27 Imperial Age
32:31 Scale Mail Armor
32:41 Forging
33:21 Forging
33:39 Hand Cart
34:37 Caravan
36:45 Two-Man Saw
39:21 Conscription
40:04 Iron Casting
39:44 Chain Mail Armor
40:02 Elite Janissary
43:27 Cavalier
44:09 Husbandry
44:21 Scale Barding Armor
44:46 Plate Mail Armor
45:16 Blast Furnace
46:15 Chain Barding Armor
47:39 Artillery
49:14 Parthian Tactics
48:11 Heavy Cavalry Archer
Connection lost

Rejoining the realm…

Still unreachable

The connection could not be restored.

Session expired

The server has moved on; the page needs a fresh start.